[Event "*** Titled Tuesday Blitz"]
[Site "Chess.com"]
[Date "2020.04.28"]
[Round "4"]
[White "Dr-Bassem"]
[Black "Poghosyan_Suren"]
[Result "1-0"]
[WhiteElo "2795"]
[BlackElo "2522"]
[TimeControl "180+1"]
[EndTime "10:40:57 PDT"]
[Termination "Dr-Bassem won by resignation"]

1. e4 e6 2. d3 d5 3. Nd2 Nf6 4. Ngf3 Nc6 5. c3 a5 6. e5 Nd7 7.
d4 f6 8. Bb5 fxe5 9. dxe5 Be7 10.
Nd4 Ndb8 11. Qg4 O-O 12. Nxe6 Bxe6 13. Qxe6+ Kh8 14. Nf3 Qd7 15. Qxd7 Nxd7 16. Bxc6 bxc6 17. O-O Rab8 18. Re1 Nc5 19. Re2 Ne6 20. Nd4 Nxd4 21. cxd4 c5 22. dxc5 Bxc5 23. Bg5 Rf5 24. Bh4 h5 25.
Bg3 Be7 26. Rd1 h4 27. Rxd5 hxg3 28. hxg3 c6 29. Rxa5 Rd8 30. f4 Rd1+ 31. Kf2 Rf8 32. a3 Rfd8 33. b4 R8d3 34. Ra6 c5 35. Ra7 Bf8 36. Ra8 Kg8 37. bxc5 Kf7 38. e6+ Ke7 39.
Ra7+ Ke8 40. e7 Rd7 41. Ra8+ 1-0

[Event "*** Titled Tuesday Blitz"]
[Site "Chess.com"]
[Date "2020.04.28"]
[Round "4"]
[White "Ekka83"]
[Black "Ali_rastbod"]
[Result "0-1"]
[WhiteElo "2341"]
[BlackElo "2585"]
[TimeControl "180+1"]
[EndTime "10:40:57 PDT"]
[Termination "Ali_rastbod won by resignation"]

1. e4 e6 2. d4 d5 3. e5 c5 4. c3 Qb6 5. Nf3 Nc6 6. Be2 cxd4 7. cxd4 Nh6 8. Nc3 Nf5 9. Na4 Qa5+ 10. Bd2 Bb4 11.
Bc3 b5 12. a3 Bxc3+ 13. Nxc3 a6 14. g4 Nfe7 15. O-O h5 16. h3 hxg4 17. hxg4 Ng6 18. Qd2 Qd8 19. Rac1 Bd7 20. Kg2 f6 21. Rh1 Rxh1 22.
Rxh1 fxe5 23. Nxe5 Ncxe5 24. dxe5 Nh4+ 25. Kg3 g5 26. f4 Qc7 27. fxg5 Qxe5+ 28. Kxh4 O-O-O 29. Kh3 d4 30. Bf3 Rf8 31. Kg2 Rxf3 32. Kxf3 Bc6+ 33. Kf2 dxc3 34.
Qxc3 Qxc3 35. bxc3 Bxh1 36. g6 Be4 37. g7 Bh7 38. g5 Kd7 39. Ke3 e5 40. g6 Bg8 41. Ke4 Ke6 42. Kd3 Kf5 43. Ke3 Kxg6 44. Ke4 Kf6 45. Ke3 Kxg7 46. Kf3 Kf6 47. Ke4 Ke6 0-1

[Event "*** Titled Tuesday Blitz"]
[Site "Chess.com"]
[Date "2020.04.28"]
[Round "4"]
[White "korkmaz16"]
[Black "ChessicallyInclined"]
[Result "1-0"]
[WhiteElo "2272"]
[BlackElo "2531"]
[TimeControl "180+1"]
[EndTime "10:40:57 PDT"]
[Termination "korkmaz16 won on time"]

1. e4 c5 2. Nc3 Nc6 3. f4 g6 4.
Nf3 Bg7 5. Bb5 a6 6. Bxc6 bxc6 7. O-O d6 8. d3 Nf6 9. Qe1 O-O 10. f5 gxf5 11. Qh4 fxe4 12. Ng5 h6 13. Ngxe4 Nxe4 14. Nxe4 f5 15. Bxh6 Rf7 16. Ng5 Qf8 17. Nxf7 Qxf7 18. Bxg7 Qxg7 19. Rf3 Qxb2 20. Rg3+ Kf8 21. Qh6+ Ke8 22.
Re1 Qxa2 23. Qxd6 Ra7 24. Qxc6+ Kd8 25. Qxc5 Rc7 26. Qd4+ Bd7 27. c4 Kc8 28. h4 Bc6 29. Rg8+ Kb7 30. Qf2 Qb3 31. Qf1 Qb6+ 32. Kh2 Qd4 33.
Rb1+ Ka7 34. Qg1 Rd7 35. Qxd4+ Rxd4 36. Kg3 Rxd3+ 37. Kf4 Rd4+ 38. Kxf5 Rxh4 39. g4 a5 40. Rg7 a4 41. Rxe7+ Ka8 42. Rd1 1-0

[Event "*** Titled Tuesday Blitz"]
[Site "Chess.com"]
[Date "2020.04.28"]
[Round "4"]
[White "ferdipy"]
[Black "m-garcett"]
[Result "1-0"]
[WhiteElo "2267"]
[BlackElo "2072"]
[TimeControl "180+1"]
[EndTime "10:40:57 PDT"]
[Termination "ferdipy won on time"]

1. e4 c5 2. d4 cxd4 3. c3 dxc3 4. Nxc3 d6 5. Bc4 e6 6. Nf3 h6 7. O-O a6 8. Qe2 Nc6 9. Bf4 Nge7 10. Rfd1 Ng6 11. Bg3 Be7 12. Rac1 O-O 13. e5 d5 14. Bd3 Nh4 15. Nxh4 Bxh4 16. Na4 Bxg3 17. hxg3 Qg5 18.
Nb6 Rb8 19. Bxa6 Nxe5 20. Bb5 Ng4 21. Qf3 e5 22. Nxc8 Rbxc8 23. Rxc8 Rxc8 24. Bd7 Rc4 25. Bxg4 Qxg4 26. Qxg4 Rxg4 27. Rxd5 Rb4 28. b3 f6 29. Kf1 Kf7 30. Ke2 Ke6 31. Rd8 Kf5 32. f3 g5 33.
Ke3 b5 34. g4+ Kg6 35. Rd5 Kf7 36. Kd3 Ke6 37. Rd8 Rf4 38. Rh8 b4 39. Rxh6 Rd4+ 40.
Ke3 Rd1 41. Rh8 Ra1 42. Rb8 Rxa2 43. Rxb4 Rxg2 44. Rb6+ Ke7 45. Ke4 Re2+ 46. Kd3 Rf2 47. Ke3 Rb2 48. b4 Rb3+ 49. Ke4 Rb2 50. Kf5 Rb3 51. Ke4 1-0

[Event "*** Titled Tuesday Blitz"]
[Site "Chess.com"]
[Date "2020.04.28"]
[Round "4"]
[White "GMartin_Petrov"]
[Black "Sibelephant"]
[Result "0-1"]
[WhiteElo "2676"]
[BlackElo "3194"]
[TimeControl "180+1"]
[EndTime "10:40:58 PDT"]
[Termination "Sibelephant won by resignation"]

1. e4 c5 2. Nf3 d6 3. d4 cxd4 4. Nxd4 Nf6 5. Nc3 a6 6. Be3 Ng4 7. Bg5 h6 8. Bh4 g5 9. Bg3 Bg7 10. h3 Nf6 11. Qd2 Nc6 12. Nf5 Bxf5 13. exf5 Qa5 14.
O-O-O Nh5 15. Bc4 Bxc3 16. Qxc3 Qxc3 17. bxc3 Nxg3 18. fxg3 Ne5 19. Bb3 Rc8 20. Kb2 Kd7 21. Rhe1 Rc5 22. Rd4 Rhc8 23. Re3 b5 24. g4 e6 25. Rd1 a5 26. a3 Nc4+ 27. Bxc4 Rxc4 28. Rd2 d5 29. Rf3 Rf4 30. Rd4 Rc4 31. Rfxf4 gxf4 32. Rd3 Kd6 33. fxe6 fxe6 34. h4 e5 35. g5 hxg5 36.
hxg5 Ke6 37. Rh3 Kf5 38. Rh8 Kxg5 39. Rd8 Rc5 40. Kc1 Kg4 41. Rg8+ Kf5 42. Kd2 Ke4 43. Rb8 Rc6 44. Rxb5 Rg6 0-1

[Event "*** Titled Tuesday Blitz"]
[Site "Chess.com"]
[Date "2020.04.28"]
[Round "4"]
[White "vanea_03"]
[Black "Sanyura"]
[Result "1-0"]
[WhiteElo "2685"]
[BlackElo "2484"]
[TimeControl "180+1"]
[EndTime "10:40:58 PDT"]
[Termination "vanea_03 won by resignation"]

1. d4 Nf6 2. c4 c5 3. d5 b5 4.
cxb5 a6 5. b6 e6 6. Nc3 Bb7 7. e4 Qxb6 8. Nf3 Be7 9. Bc4 O-O 10. O-O exd5 11. exd5 d6 12. Re1 Re8 13.
Bg5 Nbd7 14. Qc2 h6 15. Bf4 Bf8 16. h3 Qb4 17. Nd2 Rab8 18. a3 Qb6 19. Nf3 Ba8 20.
b3 Qa5 21. Rxe8 Rxe8 22. Bd2 Qd8 23. Qd3 Nb6 24. Bf4 g6 25. Rd1 Bg7 26. Bh2 Nxc4 27. bxc4 Qa5 28. Bxd6 Nd7 29. Ne4 Qa4 30. Rb1 Qa5 31.
h4 Nf6 32. Nxf6+ Bxf6 33. g3 Kg7 34. Kg2 Qd8 35. Bf4 a5 36. Be3 Qd7 37. Bxc5 Rc8 38.
Bd4 Qd6 39. Rb6 Rc6 40. dxc6 Bxd4 41. Qxd4+ 1-0

[Event "*** Titled Tuesday Blitz"]
[Site "Chess.com"]
[Date "2020.04.28"]
[Round "4"]
[White "czasnaszachy"]
[Black "nabukatnezarr"]
[Result "0-1"]
[WhiteElo "2312"]
[BlackElo "2523"]
[TimeControl "180+1"]
[EndTime "10:40:58 PDT"]
[Termination "nabukatnezarr won by resignation"]

1. d4 Nf6 2. c4 e6 3. Nc3 Bb4 4. e3 c5 5. Ne2 cxd4 6. exd4 O-O 7. a3 Be7 8. Nf4 d6 9. Bd3 Re8 10. O-O Bf8 11. Re1 Nbd7 12. b4 b6 13. Bb2 Bb7 14. d5 e5 15. Nfe2 Rc8 16. Ng3 g6 17. Bc1 Bg7 18.
Bg5 a6 19. Nge4 Qc7 20. Qd2 Nxe4 21. Rxe4 f5 22. Rh4 e4 23. Bf1 Ne5 24. Bh6 Bh8 25.
Qe2 Nxc4 26. Rc1 Ne5 27. Rh3 Nd3 28. Rc2 Bxc3 29. Rxd3 exd3 30. Qxd3 Re4 31. Bd2 Rc4 32. Qg3 Be5 33. f4 Rxc2 34. fxe5 Rxd2 35. e6 Bxd5 36.
Qe3 Qc3 37. Qg5 Qd4+ 38. Kh1 Bxe6 39. Qe7 Bf7 40. Qe1 Rd1 41. Qe2 Rcc1 42. g3 Rxf1+ 43. Kg2 Rf2+ 44. Qxf2 Qxf2+ 45. Kxf2 Ra1 46. Ke3 Rxa3+ 47.
Kd4 Rb3 48. g4 Rxb4+ 49. Kd3 Rxg4 50. h3 Rf4 0-1

[Event "*** Titled Tuesday Blitz"]
[Site "Chess.com"]
[Date "2020.04.28"]
[Round "4"]
[White "shav3184"]
[Black "ShahMatKanal"]
[Result "1-0"]
[WhiteElo "2291"]
[BlackElo "2448"]
[TimeControl "180+1"]
[EndTime "10:40:58 PDT"]
[Termination "shav3184 won by resignation"]

1. e4 c5 2. Nf3 Nc6 3. d4 cxd4 4.
Nxd4 e5 5. Nb5 a6 6. Nd6+ Bxd6 7. Qxd6 Qf6 8. Qxf6 Nxf6 9. Nc3 d5 10. exd5 Nb4 11.
Bd3 Nxd3+ 12. cxd3 Bf5 13. O-O O-O-O 14. Bg5 Bxd3 15. Rfe1 Rhe8 16. Rad1 Bg6 17. d6 Re6 18. f4 exf4 19. Rxe6 fxe6 20. Bxf4 Ne4 21. Nxe4 Bxe4 22.
Be5 Bd5 23. Rc1+ Bc6 24. Rf1 g6 25. Rf6 Bd5 26. a3 b5 27. Kf2 Rd7 28. Ke3 Bxg2 29.
Rxe6 Kb7 30. Kd4 Kc6 31. Re8 a5 32. Rc8+ Kb7 33. Rc7+ Rxc7 34. dxc7 g5 35. Kc5 Bf1 36. b4 axb4 37. axb4 h5 38. Kd6 Bd3 39. Kd7 Bf5+ 40.
Ke7 g4 41. Kf6 Bd7 42. Kg5 Be8 43. Kf6 h4 44. Ke7 Bc6 45. Kd8 1-0

[Event "*** Titled Tuesday Blitz"]
[Site "Chess.com"]
[Date "2020.04.28"]
[Round "4"]
[White "Baby_Legs"]
[Black "NiranjanNavalgund"]
[Result "0-1"]
[WhiteElo "2704"]
[BlackElo "2488"]
[TimeControl "180+1"]
[EndTime "10:40:59 PDT"]
[Termination "NiranjanNavalgund won by checkmate"]

1. d4 d5 2. c4 e6 3. Nc3 c5 4. cxd5 exd5 5. Nf3 Nc6 6. g3 Nf6 7. Bg2 cxd4 8. Nxd4 Bc5 9. Nb3 Bb6 10. O-O d4 11.
Ne4 Nxe4 12. Bxe4 Bh3 13. Re1 O-O 14. Qd3 f5 15. Bh1 Kh8 16. Bf4 Rc8 17. Rac1 Nb4 18. Qb5 Nc2 19. Red1 a6 20. Qa4 Qe7 21. Bf3 g5 22.
Bd2 g4 23. Bh1 Qxe2 24. Bf4 d3 25. Rf1 Rfe8 26. Qd7 Rcd8 27. Qf7 Rf8 28. Qxb7 Bxf1 29. Rxf1 Bd4 30. Nxd4 Nxd4 31. Bh6 Ne6 32. Bxf8 Rxf8 33.
Qe7 d2 34. Bd5 Qxf1+ 35. Kxf1 d1=Q+ 36. Kg2 Qxd5+ 37. Kg1 Qd1+ 38. Kg2 Qf3+ 39. Kg1 Qe4 40. h4 Rc8 41. Qf6+ Ng7 42. Kh2 Qf3 43. Qd4 Re8 44. h5 f4 45. gxf4 Qh3+ 46. Kg1 Re1# 0-1

[Event "*** Titled Tuesday Blitz"]
[Site "Chess.com"]
[Date "2020.04.28"]
[Round "4"]
[White "GMHess"]
[Black "lupta_robin"]
[Result "1-0"]
[WhiteElo "2881"]
[BlackElo "2543"]
[TimeControl "180+1"]
[EndTime "10:40:59 PDT"]
[Termination "GMHess won by resignation"]

1. b3 Nf6 2. Bb2 e6 3. h3 d5 4. e3 Be7 5. d3 O-O 6. Nd2 c5 7. Ne2 Nc6 8. g4 e5 9. Bg2 Be6 10. Ng3 Nd7 11. Nf5 f6 12. e4 d4 13. h4 g6 14.
Nxe7+ Qxe7 15. Qe2 b5 16. a4 a6 17. O-O Nb6 18. axb5 axb5 19. Rfc1 c4 20. dxc4 bxc4 21. bxc4 Qb4 22. Rab1 Nxc4 23. c3 Qa4 24. Nxc4 Bxc4 25.
Qd2 d3 26. g5 fxg5 27. Qxg5 Qa7 28. Qg3 Rad8 29. Ra1 Qf7 30. Ba3 Rfe8 31. Rd1 Re6 32. Bc5 Rf6 33. Be3 Rf4 34. Bxf4 exf4 35. Qg5 d2 36. e5 Ne7 37. Ra7 Kf8 38. Qh6+ Ke8 39. Bc6+ Nxc6 40. Rxf7 Bxf7 41. Qxf4 Ne7 42. Rxd2 Rxd2 43.
Qxd2 Be6 44. Qd4 Kf7 45. Qc5 Nf5 46. f4 Nxh4 47. Qc7+ Kg8 48. Qd8+ 1-0

[Event "*** Titled Tuesday Blitz"]
[Site "Chess.com"]
[Date "2020.04.28"]
[Round "4"]
[White "Macron20hTF1"]
[Black "LiamPutnam2008"]
[Result "1/2-1/2"]
[WhiteElo "2351"]
[BlackElo "2551"]
[TimeControl "180+1"]
[EndTime "10:40:59 PDT"]
[Termination "Game drawn by repetition"]

1. f4 d5 2. Nf3 g6 3. g3 Bg7 4. Bg2 c5 5. O-O Nc6 6. d3 Nf6 7. Nc3 O-O 8. e4 dxe4 9. dxe4 Bg4 10. e5 Ne8 11. h3 Bxf3 12. Qxf3 Nc7 13. Rd1 Qc8 14. Be3 Ne6 15. Nd5 Rd8 16. c3 Bf8 17.
Qf2 Na5 18. b3 Rb8 19. g4 b6 20. Rd2 Nc7 21. c4 Nxd5 22. cxd5 c4 23. Rc1 Qa6 24.
Bf1 b5 25. b4 Nb7 26. Bxa7 Ra8 27. Bb6 Rdc8 28. Bg2 Qa3 29. d6 Qxc1+ 30. Kh2 Rab8 31. Ba7 exd6 32. Bxb8 Rxb8 33. f5 Qc3 34. Rd5 dxe5 35.
Rd7 Nd6 36. fxg6 hxg6 37. Bd5 Qd4 38. Bxf7+ Kh8 39. Qf6+ Bg7 40. Rd8+ Rxd8 41. Qxd8+ Kh7 42. Bg8+ Kh8 43. Bf7+ Kh7 44. Bg8+ Kh8 45. Be6+ Kh7 46. Bg8+ 1/2-1/2

[Event "*** Titled Tuesday Blitz"]
[Site "Chess.com"]
[Date "2020.04.28"]
[Round "4"]
[White "GM4life"]
[Black "nickmatta"]
[Result "1/2-1/2"]
[WhiteElo "2183"]
[BlackElo "2409"]
[TimeControl "180+1"]
[EndTime "10:40:59 PDT"]
[Termination "Game drawn by repetition"]

1. e4 e5 2. Nf3 Nc6 3. Bb5 a6 4. Ba4 Nf6 5. O-O Be7 6. Re1 b5 7. Bb3 O-O 8. h3 Bb7 9. d3 d5 10. exd5 Nxd5 11. Nbd2 Re8 12. Ne4 Qd7 13. Bd2 Bf8 14. c3 Rad8 15. Qe2 Nf4 16. Bxf4 exf4 17. Rad1 Na5 18. Qf1 Nxb3 19. axb3 Qd5 20. c4 Qf5 21. Rd2 Bb4 22. Nc3 Bxf3 23. Rxe8+ Rxe8 24. gxf3 Re6 25. Kh2 h6 26. d4 Qh5 27. Qd3 Rg6 28. Nd5 Bxd2 29. Ne7+ Kh7 30. Nxg6 Qxg6 31. Qxd2 Qf5 32. d5 g5 33. Qc3 Kg6 34. cxb5 axb5 35. Qxc7 Qxd5 36.
b4 Qxf3 37. Qc5 h5 38. Qxb5 Qxf2+ 39. Kh1 Qe1+ 40. Kg2 Qd2+ 41. Kf3 Qe3+ 42. Kg2 Qg3+ 43. Kf1 f3 44. Qc6+ Kg7 45. Qc3+ Kh6 46. Qf6+ Kh7 47.
Qxf7+ Kh6 48. Qf6+ Kh7 49. Qf7+ Kh8 50. Qf8+ Kh7 51. Qf7+ 1/2-1/2

[Event "*** Titled Tuesday Blitz"]
[Site "Chess.com"]
[Date "2020.04.28"]
[Round "4"]
[White "chito89"]
[Black "Bigfish1995"]
[Result "1-0"]
[WhiteElo "2761"]
[BlackElo "3086"]
[TimeControl "180+1"]
[EndTime "10:41:00 PDT"]
[Termination "chito89 won by resignation"]

1. d4 Nf6 2. c4 e6 3. Nf3 b6 4. a3 Ba6 5. Qc2 Bb7 6. Nc3 c5 7. e4 cxd4 8. Nxd4 Bc5 9. Nb3 Nc6 10. Bf4 e5 11. Bg5 h6 12. Bh4 g5 13. Bg3 d6 14.
f3 Qe7 15. Rd1 O-O-O 16. Nd5 Qe6 17. Nc1 Nh5 18. b4 Bd4 19. Nb3 Nxg3 20. hxg3 g4 21. b5 Na5 22. Nxd4 exd4 23. Kf2 Qe5 24. Nf4 Kb8 25.
Rh5 Qg7 26. Qd3 gxf3 27. gxf3 Rhg8 28. g4 Qf6 29. Kg3 Rg5 30. Qxd4 Qe7 31. Rxh6 Nb3 32. Qf6 Qxf6 33. Rxf6 Nc5 34. Rxf7 Rdg8 35. Be2 Bxe4 36. fxe4 Nxe4+ 37. Kg2 Nc3 38. Rxd6 Nxe2 39. Nxe2 Rxg4+ 40. Kf2 Rxc4 41. Rdd7 Ra4 42. Nd4 Kc8 43. Rc7+ 1-0

[Event "*** Titled Tuesday Blitz"]
[Site "Chess.com"]
[Date "2020.04.28"]
[Round "4"]
[White "Slovak_fighter2000"]
[Black "Infernal_XaM"]
[Result "0-1"]
[WhiteElo "2546"]
[BlackElo "2913"]
[TimeControl "180+1"]
[EndTime "10:41:00 PDT"]
[Termination "Infernal_XaM won by resignation"]

1. d4 Nf6 2. Bf4 c5 3. e3 e6 4. Nf3 Qb6 5. Nc3 cxd4 6. exd4 Nc6 7. Rb1 Bb4 8. a3 Bxc3+ 9. bxc3 Qa5 10. Rb3 O-O 11.
Bd3 b6 12. O-O Ba6 13. c4 Rfc8 14. Bd2 Qh5 15. Re1 d5 16. cxd5 Bxd3 17. Rxd3 Qxd5 18.
Ne5 Ne7 19. c4 Qb7 20. Bg5 Ng6 21. Bxf6 gxf6 22. Nxg6 hxg6 23. d5 e5 24. d6 Rxc4 25.
d7 Rd8 26. Rd6 Kg7 27. Qd2 Qc7 28. Rd1 Rc2 29. Qe3 Rc3 30. R6d3 Rxd3 31. Qxd3 Kf8 32. h4 Ke7 33. Qb5 Rxd7 34. Qb4+ Qc5 35. Rxd7+ Kxd7 36.
Qa4+ b5 37. Qa6 Ke7 38. Qb7+ Kf8 39. g3 Kg7 40. Qb8 a5 41. Qb7 a4 42. g4 Qxa3 43. Qxb5 Qb3 44. Qc6 a3 45. g5 Qb1+ 46. Kh2 Qf5 47.
gxf6+ Qxf6 48. Qa4 Qf4+ 0-1

[Event "*** Titled Tuesday Blitz"]
[Site "Chess.com"]
[Date "2020.04.28"]
[Round "4"]
[White "thedjoker98"]
[Black "temus_galaktionov"]
[Result "0-1"]
[WhiteElo "2516"]
[BlackElo "2760"]
[TimeControl "180+1"]
[EndTime "10:41:02 PDT"]
[Termination "temus_galaktionov won by resignation"]

1. d4 c6 2. c4 g6 3. Nc3 Bg7 4. e4 d6 5. h3 Nd7 6. Nf3 e5 7.
dxe5 dxe5 8. Be3 Qe7 9. Be2 Ngf6 10. O-O O-O 11. Qc2 Nh5 12. Rfd1 Nf4 13. Bf1 Nc5 14. b4 Nce6 15. c5 Qf6 16. Nh2 h5 17. Kh1 Nd4 18.
Qb2 Be6 19. Ne2 Rfd8 20. Bxd4 exd4 21. Nxf4 Qxf4 22. Bd3 a5 23. a3 axb4 24. axb4 h4 25. Nf1 Be5 26. Qd2 Qf6 27. Qe1 Bc7 28. Qe2 Qf4 29.
Kg1 Qg5 30. Kh1 Qf4 31. Kg1 b6 32. cxb6 Bxb6 33. Qd2 Qd6 34. Qg5 Qxb4 35. e5 Rxa1 36. Rxa1 Kf8 37. Rb1 Qc5 38. Nd2 Bc7 39. Nf3 Qe7 40.
Qh6+ Ke8 41. Rb7 Rb8 42. Qh8+ Qf8 43. Qxf8+ Kxf8 44. Rxc7 Rb3 45. Be4 d3 46. Rxc6 Rb1+ 47. Kh2 Rb2 48. Rd6 Rxf2 49. Rxd3 Kg7 50. Nxh4 Kh6 51.
Nf3 Re2 52. Bd5 Bf5 53. Kg3 Bxd3 0-1

[Event "*** Titled Tuesday Blitz"]
[Site "Chess.com"]
[Date "2020.04.28"]
[Round "4"]
[White "rynos0411"]
[Black "HaryKane"]
[Result "1-0"]
[WhiteElo "2379"]
[BlackElo "2589"]
[TimeControl "180+1"]
[EndTime "10:41:03 PDT"]
[Termination "rynos0411 won by resignation"]

1. e4 e6 2. d4 d5 3. exd5 exd5 4. Bd3 Nc6 5. Ne2 Be6 6. c3 Qd7 7. O-O O-O-O 8. Nf4 Bd6 9. Nxe6 fxe6 10. h3 e5 11. dxe5 Nxe5 12. Be2 Nf6 13. Bg5 Kb8 14. Na3 Qf5 15.
Be3 g5 16. Nb5 a6 17. Nxd6 Rxd6 18. Bc5 Rd7 19. Bd4 h5 20. Re1 g4 21. h4 Ne4 22.
Bd3 Nxd3 23. Qxd3 Rf8 24. Rf1 Rdf7 25. Rad1 Qe6 26. Be3 c6 27. Qd4 g3 28. f3 Nd6 29.
Rfe1 Qf6 30. Qa7+ Kc8 31. Bg5 Qg6 32. Rd2 Kc7 33. Rde2 Nc8 34. Qd4 Qf5 35. Qe5+ Qxe5 36. Rxe5 Rf5 37. Rxf5 Rxf5 38. Re8 Nd6 39. Rh8 Re5 40.
Kf1 Kb6 41. Bf4 Re6 42. Bxd6 Rxd6 43. Rxh5 d4 44. Rg5 dxc3 45. bxc3 Rd1+ 46. Ke2 Ra1 47. Rxg3 Rxa2+ 48. Kd3 Ra1 49. h5 a5 50. h6 Rd1+ 51. Kc4 Rd8 52. Rg7 Rh8 53. h7 Ka6 54. g4 b5+ 55.
Kb3 Kb6 56. g5 Kc5 57. g6 a4+ 58. Ka3 Kc4 59. Rg8 Kxc3 60. Rxh8 c5 61. Rc8 1-0

[Event "*** Titled Tuesday Blitz"]
[Site "Chess.com"]
[Date "2020.04.28"]
[Round "4"]
[White "GMStefanova"]
[Black "Philosopherrr"]
[Result "1-0"]
[WhiteElo "2682"]
[BlackElo "2478"]
[TimeControl "180+1"]
[EndTime "10:41:04 PDT"]
[Termination "GMStefanova won on time"]

1. Nf3 Nf6 2. g3 g6 3. Bg2 Bg7 4. O-O O-O 5. d4 c6 6. Bf4 d6 7.
Qc1 Re8 8. Rd1 a5 9. c4 Ne4 10.
Bh6 Bh8 11. Ne1 Nf6 12. Nc3 Nbd7 13. e4 Qb6 14. h3 e5 15. Be3 Qa6 16. dxe5 dxe5 17.
Bf1 a4 18. c5 Qa5 19. Nd3 Bg7 20. b4 Qc7 21. Nb2 b5 22. cxb6 Nxb6 23. Nb5 Qb8 24. Qxc6 a3 25. Nd3 Re6 26. Qc7 Ba6 27. Qxb8+ Rxb8 28. Nc7 Bxd3 29. Bxd3 Rc6 30. Nb5 Na4 31.
Nxa3 Nb2 32. Rd2 Nxd3 33. Rxd3 Nxe4 34. b5 Rc7 35. b6 Rc6 36. Rad1 Rcxb6 37. Rd8+ Bf8 38.
Bxb6 Rxb6 39. Nc4 Re6 40. a4 Nc3 41. Ra1 Kg7 42. a5 Ra6 43. Nxe5 Bc5 44. Rd7 Ne4 45. Rxf7+ Kg8 46. Rf4 Nxf2 47. Rxf2 1-0

[Event "*** Titled Tuesday Blitz"]
[Site "Chess.com"]
[Date "2020.04.28"]
[Round "4"]
[White "Spartakus1975"]
[Black "IvanRadivojevic"]
[Result "1-0"]
[WhiteElo "2740"]
[BlackElo "2487"]
[TimeControl "180+1"]
[EndTime "10:41:05 PDT"]
[Termination "Spartakus1975 won by resignation"]

1. e4 c6 2. d3 d5 3. Nd2 e5 4.
Ngf3 Bd6 5. d4 exd4 6. exd5 c5 7. Bb5+ Bd7 8. Qe2+ Ne7 9. Ne4 Qc7 10. Bg5 f6 11.
Bxf6 gxf6 12. Nxf6+ Kd8 13. O-O a6 14. Bxd7 Nxd7 15.
Ng5 Bxh2+ 16. Kh1 Nxf6 17. Ne6+ Ke8 18. Nxc7+ Bxc7 19. d6 Bxd6 20. Qe6 Be5 21. Qxe5 Kf7 22. Qxc5 Rad8 23. Rae1 Ng6 24. Re2 Rd5 25. Qc7+ Rd7 26.
Qc4+ Kg7 27. Rfe1 Rhd8 28. Re6 Nh5 29. g3 Nf6 30. Kg2 h5 31. Rxf6 Kxf6 32. Re6+ Kg7 33. Qd3 Nf8 34. Re5 h4 35. Rg5+ Kh6 36. Qf5 Rd6 37. Rh5+ Kg7 38. Rxh4 Rf6 39. Qg5+ Ng6 40.
Rf4 Rdf8 41. Rxf6 Rxf6 42. Qd5 Rc6 43. Qxd4+ Kf7 44. c4 Ne7 45. b4 Re6 46. c5 Nf5 47. Qd5 Kf6 48. Qxb7 Re2 49. Qxa6+ Kg5 50. Qxe2 1-0

[Event "*** Titled Tuesday Blitz"]
[Site "Chess.com"]
[Date "2020.04.28"]
[Round "4"]
[White "MikaelyanArman"]
[Black "Alohamora11"]
[Result "0-1"]
[WhiteElo "2742"]
[BlackElo "2527"]
[TimeControl "180+1"]
[EndTime "10:41:05 PDT"]
[Termination "Alohamora11 won on time"]

1. Nf3 c5 2. g3 g6 3. Bg2 Bg7 4.
O-O Nc6 5. c4 e6 6. Nc3 Nge7 7.
d4 Nxd4 8. Nxd4 cxd4 9. Nb5 Qb6 10. e3 d5 11. Nxd4 dxc4 12. Qa4+ Bd7 13. Qxc4 e5 14. Ne2 Bb5 15. Qc2 Rc8 16. Qd1 O-O 17. a4 Rfd8 18. axb5 Rxd1 19. Rxd1 Qxb5 20. Nc3 Qb6 21. Rd7 Rc7 22.
Rxc7 Qxc7 23. Rxa7 Nc6 24. Ra8+ Bf8 25. e4 Kg7 26. Bg5 Be7 27. Nd5 Qd7 28. Be3 Nb4 29.
Nxe7 Qxe7 30. h4 Qd7 31. Kh2 Nd3 32. h5 gxh5 33. Bh3 Qb5 34. Bf1 Qd7 35. b3 Ne1 36. Be2 Nc2 37. Bc5 Nd4 38. Bf8+ Kg6 39. Bd1 Ne6 40.
Bf3 Nxf8 41. Rxf8 Qd3 42. Kg2 Qxb3 43. Rg8+ Kf6 44. Bxh5 Qc2 0-1

[Event "*** Titled Tuesday Blitz"]
[Site "Chess.com"]
[Date "2020.04.28"]
[Round "4"]
[White "vohiraa"]
[Black "Joshukid"]
[Result "1-0"]
[WhiteElo "2194"]
[BlackElo "2545"]
[TimeControl "180+1"]
[EndTime "10:41:05 PDT"]
[Termination "vohiraa won by resignation"]

1. e4 c6 2. d4 d5 3. e5 Bf5 4. Nc3 e6 5. g4 Bg6 6. Nge2 c5 7.
h4 h5 8. Nf4 Bh7 9. Nxh5 Nc6 10. dxc5 Bxc5 11. Nxg7+ Kf8 12. Nh5 d4 13. Na4 Qd5 14.
Rg1 Qxe5+ 15. Qe2 Qxe2+ 16. Bxe2 Bb4+ 17. c3 Be7 18. Bg5 Bxg5 19. hxg5 dxc3 20. bxc3 Nge7 21.
Nf6 Bg6 22. O-O-O Kg7 23. Nc5 b6 24. Ncd7 Rad8 25. Rh1 Rxh1 26. Rxh1 Nd5 27. Nxd5 Rxd7 28. Nf6 Rd8 29. f4 Ne7 30. Nh5+ Kf8 31. Nf6 Kg7 32. Rd1 Rxd1+ 33. Bxd1 Nc6 34. Bf3 Na5 35. Be2 Kf8 36.
Kd2 Ke7 37. Bd3 Bxd3 38. Kxd3 Nb7 39. Ne4 b5 40. f5 exf5 41. gxf5 a5 42. Kd4 b4 43.
cxb4 axb4 44. Kc4 Nd8 45. Kxb4 Nc6+ 46. Kc5 Ne5 47. a4 Kd7 48. a5 Kc7 49. a6 Nd7+ 50.
Kb5 Ne5 51. Nd6 Nf3 52. Nxf7 Nd4+ 53. Kc5 Nxf5 54. a7 1-0

[Event "*** Titled Tuesday Blitz"]
[Site "Chess.com"]
[Date "2020.04.28"]
[Round "4"]
[White "putra48"]
[Black "MichailovM"]
[Result "1-0"]
[WhiteElo "2610"]
[BlackElo "2372"]
[TimeControl "180+1"]
[EndTime "10:41:06 PDT"]
[Termination "putra48 won by resignation"]

1. e4 c5 2. Nf3 d6 3. d4 cxd4 4.
Nxd4 Nf6 5. Nc3 g6 6. Be3 Bg7 7. f3 O-O 8. Bc4 Nc6 9. Bb3 Bd7 10. Qd2 Rc8 11. O-O-O Ne5 12. Kb1 Nc4 13. Bxc4 Rxc4 14.
g4 b5 15. b3 b4 16. bxc4 bxc3 17. Qxc3 Qc7 18. Kc1 Rc8 19. h4 h5 20. gxh5 Nxh5 21.
Kd2 Be6 22. Rhg1 Bxc4 23. Rb1 d5 24. exd5 Qh2+ 25. Kc1 Nf6 26. Qd2 Qxh4 27. Nf5 gxf5 28. Bh6 Ne8 29. Rb4 Kh7 30. Bg5 Qd4 31. Rh1+ Kg8 32.
Qh2 Kf8 33. Bh6 Qc3 34. Bxg7+ Kxg7 35. Rg1+ Kf6 36. Qh8+ 1-0

[Event "*** Titled Tuesday Blitz"]
[Site "Chess.com"]
[Date "2020.04.28"]
[Round "4"]
[White "petincash"]
[Black "Korchmar_Vasiliy"]
[Result "0-1"]
[WhiteElo "2387"]
[BlackElo "2621"]
[TimeControl "180+1"]
[EndTime "10:41:07 PDT"]
[Termination "Korchmar_Vasiliy won by checkmate"]

1. e4 c5 2. Nc3 d6 3. f4 Nc6 4.
Nf3 g6 5. Bc4 Bg7 6. O-O e6 7.
d3 Nge7 8. Qe1 O-O 9. f5 gxf5 10.
Qh4 Ng6 11. Qh5 f4 12. Ng5 h6 13. Nxf7 Rxf7 14. Qxg6 Qg5 15. Qxg5 hxg5 16. Nb5 Be5 17. c3 a6 18. Na3 b5 19. Bb3 Bd7 20. Bd2 Kg7 21. h4 g4 22. g3 f3 23. Kf2 Rb8 24. Nc2 b4 25. Ne3 bxc3 26. bxc3 Na5 27. Rab1 Bb5 28.
Bxe6 Rfb7 29. Bd5 Bxd3 30. Rxb7+ Nxb7 31. Rc1 Na5 32. Nxg4 Rb2 33. Nxe5 dxe5 34. Ke3 Be2 35. c4 Rxa2 36. Bc3 Ra3 37. Kf2 Kf6 38. h5 Kg5 39.
Ra1 Rxc3 40. Rxa5 Rc2 41. Rxc5 Bd1+ 42. Ke3 f2 43. Be6 f1=Q 44. Bh3 Qe2# 0-1

[Event "*** Titled Tuesday Blitz"]
[Site "Chess.com"]
[Date "2020.04.28"]
[Round "4"]
[White "InitiatingASC"]
[Black "ChessBitl"]
[Result "0-1"]
[WhiteElo "2440"]
[BlackElo "2298"]
[TimeControl "180+1"]
[EndTime "10:41:08 PDT"]
[Termination "ChessBitl won by resignation"]

1. d4 Nf6 2. c4 g6 3. Nc3 Bg7 4. e4 d6 5. Nf3 O-O 6. Be2 e5 7. h3 exd4 8. Nxd4 Re8 9. Bf3 c6 10.
O-O Nbd7 11. Nc2 Ne5 12. Be2 Be6 13. b3 Qc7 14. Be3 Ned7 15. Qe1 Nc5 16. f3 b6 17. Rd1 Rad8 18. Nd4 d5 19. Nxe6 fxe6 20. cxd5 cxd5 21. Bb5 Re7 22. exd5 exd5 23. Qf2 a6 24. Be2 Rde8 25. Bd4 Rd7 26. Bxf6 Bxf6 27. Nxd5 Rxd5 28. Rxd5 Qf4 29. Bc4 Kg7 30. Rfd1 Re7 31. Bf1 Be5 32. g3 Qxg3+ 33. Qxg3 Bxg3 34. b4 Na4 35. Bxa6 Nc3 36. Rd7 Nxd1 37.
Rxe7+ Kf6 38. Rxh7 Nc3 39. a3 Nb1 40. a4 Nc3 41. Bb5 Bd6 42. Rb7 Bxb4 43. Rxb6+ Kg5 44. Rc6 Nd5 45. Rc4 Ba5 46. Rc5 Bb6 47. Kg2 Bxc5 48.
a5 Kf4 49. Bc6 Ne3+ 50. Kh2 g5 51. a6 Nf5 52. Bd7 Nh4 53. Bc6 Nxf3+ 54. Bxf3 Kxf3 55. h4 g4 56. h5 g3+ 57. Kh3 g2 0-1